 Dungeon Crawl Stone Soup version 0.26.1-11-gd32895ea62 (webtiles) character file.

Game seed: 11804905054049591706

72 Zeld the Bolt Thrower (level 4, 27/27 HPs)
             Began as a Kobold Hunter on May 24, 2021.
             Quit the game on level 2 of the Dungeon.
             The game lasted 00:09:01 (1773 turns).

Zeld the Bolt Thrower (Kobold Hunter)               Turns: 1773, Time: 00:09:02

Health: 27/27      AC:  3    Str: 10    XL:     4   Next: 50%
Magic:  4/4        EV: 15    Int: 12    God:
Gold:   44         SH:  0    Dex: 15    Spells: 3/3 levels left

rFire    . . .     SeeInvis .   a - +1 hand crossbow
rCold    . . .     Faith    .   (shield restricted)
rNeg     . . .     Spirit   .   c - +0 leather armour
rPois    .         Reflect  .   (no helmet)
rElec    .         Harm     .   (no cloak)
rCorr    .         Rampage  .   (no gloves)
Will     .....                  (no boots)
Stlth    +++.......             (no amulet)
HPRegen  0.09/turn              (no ring)
MPRegen  0.09/turn              (no ring)

@: no status effects
A: small, nightstalker 3
a: no special abilities


You were on level 2 of the Dungeon.
You visited 1 branch of the dungeon, and saw 2 of its levels.

You collected 44 gold pieces.

Inventory:

Hand Weapons
 a - a +1 hand crossbow (weapon)
 b - a +0 short sword
Missiles
 d - 14 bolts (quivered ammo)
Armour
 c - a +0 leather armour (worn)
Wands
 j - a wand of random effects (23)
Scrolls
 e - 2 scrolls of identify {unknown}
 f - 2 scrolls of immolation {unknown}
 g - a scroll of teleportation {unknown}
Potions
 h - a potion of heal wounds {unknown}
 i - 2 potions of mutation {unknown}


   Skills:
 + Level 2.8 Fighting
 * Level 2.7 Short Blades
 * Level 5.5 Crossbows
 + Level 3.0 Dodging
 - Level 1.3 Stealth


You had 3 spell levels left.
You didn't know any spells.
Your spell library was empty.

Dungeon Overview and Level Annotations

Branches:
Dungeon (2/15)

Altars:
The Shining One


Innate Abilities, Weirdness & Mutations

You are small and have problems with some larger weapons.
You are completely attuned to the shadows.


Message History

Terence barely misses you.
You hit Terence but do no damage.
Terence is almost dead.
Terence hits you but does no damage.
You hit Terence.
You kill Terence!
Your Dodging skill increases to level 3!
You have reached level 4!
j - a wand of random effects (23)
Items here: ( ) [ †.
Okay, then.
a - a +1 hand crossbow (weapon)
You start resting.
You start resting.
HP restored.
You see here a quokka skeleton.
You see here 2 stones.
d - 14 bolts (gained 1)
You see here a stone.
Are you sure you want to abandon this character and quit the game? (Confirm with "yes".)

######## ######.......
###......######
#.)..##### # .# #÷#<.# #
..# #(#).# # ...#
#.#..###### #
....######.........# #
.......@.(#...####.#####
.........###...........#
....#####.#..........#..
..#. #.##.##.#.#....
.##$ ......#.###.##..
###..... ##.... ####.#.
###.


There were no monsters in sight!

Vanquished Creatures
  Terence (D:2)
  An ooze (D:1)
  A dart slug (D:2)
  2 leopard geckos
  4 ball pythons (D:1)
  3 giant cockroaches
  6 goblins
  3 hobgoblins (D:1)
  2 jackals (D:1)
  2 kobolds
  2 quokkas (D:2)
  4 bats
  4 rats (D:1)
35 creatures vanquished.

Notes
Turn   | Place    | Note
-------+----------+-------------------------------------------
     0 | D:1      | Zeld the Kobold Hunter began the quest for the Orb.
     0 | D:1      | Reached XP level 1. HP: 12/12 MP: 1/1
   315 | D:1      | Reached skill level 1 in Short Blades
   315 | D:1      | Reached skill level 5 in Crossbows
   315 | D:1      | Reached XP level 2. HP: 17/17 MP: 2/2
   781 | D:1      | Reached XP level 3. HP: 22/22 MP: 3/3
  1329 | D:2      | Found a glowing golden altar of the Shining One.
  1629 | D:2      | Noticed Terence
  1654 | D:2      | Killed Terence
  1655 | D:2      | Reached XP level 4. HP: 17/27 MP: 4/4
  1773 | D:2      | Quit the game

Illustrated notes

Levels and vault maps discovered:
D:1:      dpeg_arrival_castle, layout_loops_ring, serial_glass, glass_columns_a,
          glass_columns_a
D:2:      layout_loops_ring, nicolae_tso_carved_into_rock, uniq_terence

Skill      XL: |  1  2  3 |
---------------+----------+-----
Short Blades   | 1 2 |  2.7
Crossbows      | 5 |  5.5
Dodging        | 3 |  3.0
Fighting       | |  2.8
Stealth        | |  1.3

Action                   |  1- 3 |  4- 6 || total
-------------------------+-------+-------++-------
Melee: Short sword       |    61 |       ||    61
 Fire: Hand crossbow     |    36 |       ||    36
 Stab: Sleeping          |     2 |       ||     2
Armor: Leather armour    |    16 |       ||    16
Dodge: Dodged            |    75 |       ||    75
